 Dungeon Crawl Stone Soup version 0.17-a0-1558-g9d24de5 (webtiles) character file.

12686 Tangento the Bludgeoner (level 11, -1/60 HPs)
             Began as a Gargoyle Fighter on July 19, 2015.
             Was a High Priest of Okawaru.
             Slain by a hill giant
             ... wielding a +0 giant spiked club
              (25 damage)
             ... on level 11 of the Dungeon on July 20, 2015.
             The game lasted 00:39:24 (10162 turns).

Tangento the Bludgeoner (Gargoyle Fighter)         Turns: 10162, Time: 00:39:24

Health: -1/60      AC: 28    Str: 19    XL:     11   Next: 97%
Magic:  7/11       EV:  7    Int: 13    God:    Okawaru [*****.]
Gold:   529        SH: 13    Dex:  9    Spells: 0 memorised, 10 levels left

rFire  . . .     SeeInvis .     w - +10 club
rCold  . . .     Clarity  .     d - +0 plate armour
rNeg   + . .     SustAt   .     c - +0 shield
rPois  ∞         Gourm    .     x - +2 hat
rElec  +         Spirit   .     Q - +2 cloak
rCorr  .         Warding  .     H - +0 pair of gloves {archery}
rMut   +         Stasis   .     (no boots)
MR     +....                    m - amulet of resist mutation
Stlth  ..........               (no ring)
                                J - ring of protection from magic

@: heroism, finesse, somewhat resistant to hostile enchantments, extremely
unstealthy
A: negative energy resistance 1, electricity resistance, unbreathing,
petrification resistance, rot immunity, AC +7
a: Heroism, Finesse, Renounce Religion


You were on level 11 of the Dungeon.
You worshipped Okawaru.
Okawaru was extremely pleased with you.
You were hungry.

You visited 2 branches of the dungeon, and saw 13 of its levels.
You also visited: Ossuary.

You collected 673 gold pieces.
You spent 144 gold pieces at shops.

Inventory:

Hand weapons
 a - a +0 flail
 w - a +10 club (weapon)
Armour
 b - a +0 scale mail
 c - a +0 shield (worn)
 d - a +0 plate armour (worn)
 u - a +0 helmet
 x - a +2 hat (worn)
 H - a +0 pair of gloves of archery (worn)
 Q - a +2 cloak (worn)
Magical staves
 g - an uncursed staff of wizardry
Jewellery
 m - an amulet of resist mutation (around neck)
 J - a ring of protection from magic (left hand)
 N - an uncursed ring of ice {unknown}
Magical devices
 i - a wand of fire (5)
 y - a wand of draining (9)
 I - a wand of paralysis (13)
 K - a wand of lightning (7)
 L - a wand of slowing (33)
Scrolls
 j - 3 scrolls of magic mapping {unknown}
 k - a scroll of immolation {unknown}
 l - 4 scrolls of recharging {unknown}
 o - a scroll of brand weapon {unknown}
 q - 2 scrolls of noise {unknown}
 r - a scroll of blinking {unknown}
 s - 6 scrolls of identify {unknown}
 t - a scroll of enchant armour {unknown}
 z - 7 scrolls of remove curse {unknown}
 B - a scroll of enchant weapon {unknown}
 C - 4 scrolls of teleportation {unknown}
 D - 2 scrolls of vulnerability {unknown}
 S - a scroll of amnesia {unknown}
 V - a scroll of fog {unknown}
Potions
 f - 9 potions of curing
 h - 3 potions of heal wounds
 p - 6 potions of degeneration
 v - 5 potions of agility {unknown}
 E - 2 potions of cure mutation {unknown}
 F - 5 potions of poison {unknown}
 G - a potion of magic {unknown}
 M - a potion of cancellation {unknown}
 R - a potion of flight {unknown}
 T - a potion of berserk rage {unknown}
 U - a potion of brilliance
Comestibles
 e - 6 bread rations
 n - 8 meat rations
 A - 4 beef jerkies
 O - a royal jelly
 P - 5 fruits
 W - 7 chunks of flesh


   Skills:
 - Level 3.2(8.2) Fighting
 + Level 15.9(20.9) Maces & Flails
 - Level 5.2(10.2) Armour
 - Level 9.0(14.0) Shields


You had 10 spell levels left.
You didn't know any spells.

Dungeon Overview and Level Annotations

Branches:
Dungeon (12/15)            Temple (1/1) D:4            Lair (0/8) D:9
    Orc: D:9-12

Altars:
Ashenzari
Cheibriados
Dithmenos
Elyvilon
Fedhas
Gozag
Kikubaaqudgha
Makhleb
Nemelex Xobeh
Okawaru
Qazlal
Ru
Sif Muna
Trog
Vehumet
Xom
Yredelemnul
Zin
The Shining One

Shops:
D:8 [

Annotations:
D:11 Nergalle


Innate Abilities, Weirdness & Mutations

You are resistant to torment.
Your stone body is resilient (AC +7).
You are immune to poison.
You resist negative energy.
You are resistant to electric shocks.
You can survive without breathing.
You are immune to petrification.
You are immune to rotting.


Message History

The tengu warrior moves out of view.
You completely miss the wight.
The wight is almost destroyed.
You block the wight's attack.
You closely miss the wight.
The wight is almost destroyed.
You thump the wight!
You destroy the wight!
Okawaru accepts your kill.
Use which ability? (? or * to list)
You gain the combat prowess of a mighty hero.
You are feeling hungry.
You sock the hill giant!
The hill giant is moderately wounded.
You hit the hill giant.
The hill giant is moderately wounded.
You sock the hill giant!
The hill giant is heavily wounded.
The hill giant hits you with a giant spiked club!!
You die...

#..#........ .#
#..#....#####... . #.....#
#...# . #. ## #.....#
#...# #(# T ##. #.....#
#...# !Q#o .. #.....#
#...# .z# .###.....# #.t.#
#C##.##.....# #...####
##.#.##@....# #...>...
#...#.C#....# #.......
#.#..#..#....#####.......
#...#.##.#.....)..........
##...##.##.....#######....
## ..#####.#.#....# #....
.. ###..#..#.##....# #..[.
..#######...##.###....#
#.... ##.......####.##
#.)..# +....


You could see a hill giant.

Vanquished Creatures
  Snorg (D:10)
  The ghost of kinazarov the Grappler, a powerful VSMo of Dithmenos (D:11)
  Sonja (D:12)
  A hill giant (D:11)
  A cyclops (D:12)
  An ugly thing (D:11)
  A gargoyle (D:10)
  A troll (D:12)
  Grinder (D:3)
  Sigmund (D:2)
  9 yaks (D:9)
  A deep elf fighter (D:9)
  A wyvern (D:8)
  Menkaure (D:4)
  4 hippogriffs
  A soldier ant (D:10)
  Duvessa (D:7)
  A wasp (D:10)
  4 phantoms
  A black bear (D:7)
  2 necrophages
  3 orc warriors
  2 ice beasts
  2 crocodiles
  An eye of draining (D:5)
  3 ogres
  2 sky beasts
  6 centaurs
  2 big kobolds
  Blork the orc (D:4)
  Dowan (D:7)
  3 giant frogs
  A water moccasin zombie (D:7)
  16 killer bees
  A water moccasin skeleton (D:10)
  4 wights
  12 scorpions
  2 giant frog zombies
  3 jellies
  4 centaur zombies
  3 giant frog skeletons
  4 crimson imps
  4 orc priests
  5 hounds
  2 human zombies (Ossuary)
  2 centaur skeletons
  6 orc wizards
  Terence (D:3)
  3 iguanas
  5 worker ants
  A big kobold zombie (Ossuary)
  2 hound zombies
  4 mummies
  2 worker ant zombies (D:10)
  Robin (D:4)
  7 gnolls
  7 river rats (D:9)
  8 adders
  5 scorpion zombies (Ossuary)
  3 shadow imps
  An ooze (D:6)
  An adder skeleton (D:5)
  A worm (D:4)
  3 giant geckos
  29 orcs
  6 giant cockroaches
  18 goblins
  20 hobgoblins
  A jackal (D:4)
  19 kobolds
  4 quokkas
  A ball python (D:5)
  27 bats
  2 giant gecko skeletons
  A giant gecko zombie (D:5)
  2 giant newts
  A goblin zombie (Ossuary)
  A jackal skeleton (D:5)
  4 kobold zombies
  4 orc zombies (Ossuary)
  A quokka skeleton (D:9)
  17 rats
344 creatures vanquished.

Vanquished Creatures (others)
  A bat (D:7)
  4 fungi (D:9)
  3 plants (D:9)
8 creatures vanquished.

Grand Total: 352 creatures vanquished

Notes
Turn   | Place    | Note
--------------------------------------------------------------
     0 | D:1      | Tangento the Gargoyle Fighter began the quest for the Orb.
     0 | D:1      | Reached XP level 1. HP: 14/14 MP: 1/1
   210 | D:1      | Reached XP level 2. HP: 19/19 MP: 2/2
   660 | D:2      | Noticed Sigmund
   678 | D:2      | Killed Sigmund
   678 | D:2      | Reached skill level 5 in Maces & Flails
   678 | D:2      | Reached XP level 3. HP: 13/23 MP: 3/3
   678 | D:2      | Reached XP level 4. HP: 15/28 MP: 4/4
   678 | D:2      | Reached XP level 5. HP: 17/32 MP: 5/5
  1040 | D:2      | Found a white marble altar of Elyvilon.
  1114 | D:2      | Found a basalt altar of Yredelemnul.
  1114 | D:2      | Found a shattered altar of Ashenzari.
  1527 | D:3      | Noticed Terence
  1539 | D:3      | Killed Terence
  1609 | D:3      | Noticed Grinder
  1620 | D:3      | Paralysed by Grinder for 6 turns
  1628 | D:3      | Paralysed by Grinder for 3 turns
  1661 | D:3      | Killed Grinder
  1661 | D:3      | Reached skill level 7 in Maces & Flails
  1661 | D:3      | Reached XP level 6. HP: 37/37 MP: 6/6
  2398 | D:4      | Reached XP level 7. HP: 29/41 MP: 7/7
  2483 | D:4      | Found a staircase to the Ecumenical Temple.
  2499 | Temple   | Entered the Ecumenical Temple
  2709 | D:4      | Noticed Blork the orc
  2718 | D:4      | Killed Blork the orc
  2736 | D:4      | Noticed Menkaure
  2747 | D:4      | Killed Menkaure
  2747 | D:4      | Reached skill level 8 in Maces & Flails
  2910 | D:4      | Noticed Robin
  2922 | D:4      | Killed Robin
  3019 | D:4      | Found an ancient bone altar of Kikubaaqudgha.
  3103 | D:4      | Reached XP level 8. HP: 17/46 MP: 8/8
  3368 | D:4      | Reached skill level 5 in Armour
  3564 | D:4      | Reached skill level 9 in Maces & Flails
  3801 | D:5      | Entered Level 5 of the Dungeon
  3993 | D:5      | Found a bloodstained altar of Trog.
  4230 | D:5      | Found an opulent altar of Gozag.
  4230 | D:5      | Found a glowing silver altar of Zin.
  4294 | D:5      | Reached skill level 10 in Maces & Flails
  4429 | D:6      | Found a deep blue altar of Sif Muna.
  4916 | D:6      | Reached XP level 9. HP: 51/51 MP: 9/9
  5001 | D:6      | Found an iron altar of Okawaru.
  5032 | D:6      | Became a worshipper of Warmaster Okawaru
  5074 | D:7      | Found a sand-covered staircase.
  5080 | Ossuary  | Entered an ossuary
  5097 | Ossuary  | Reached skill level 11 in Maces & Flails
  5502 | D:7      | Acquired Okawaru's first power
  5502 | D:7      | Reached skill level 12 in Maces & Flails
  5650 | D:7      | Found a shadowy altar of Dithmenos.
  5684 | D:7      | Noticed Duvessa
  5684 | D:7      | Noticed Dowan
  5699 | D:7      | Killed Duvessa
  5710 | D:7      | Killed Dowan
  5982 | D:7      | Reached skill level 13 in Maces & Flails
  5982 | D:7      | Reached XP level 10. HP: 31/56 MP: 10/10
  6141 | D:7      | Upgraded the game from 0.17-a0-1550-g78a4890 to 0.17-a0-1558-g9d24de5
  6540 | D:8      | Found Fiynurin's Antique Armour Shop.
  6561 | D:8      | Bought a glowing hat for 68 gold pieces
  6561 | D:8      | Bought a pair of glowing gloves for 76 gold pieces
  7136 | D:8      | Reached skill level 14 in Maces & Flails
  7812 | D:9      | Reached skill level 15 in Maces & Flails
  8045 | D:9      | Reached XP level 11. HP: 26/60 MP: 11/11
  8248 | D:9      | Reached skill level 5 in Shields
  8270 | D:9      | Found a radiant altar of Vehumet.
  8290 | D:9      | Found a burning altar of Makhleb.
  8415 | D:9      | Found a staircase to the Lair.
  8659 | D:10     | Entered Level 10 of the Dungeon
  9145 | D:10     | Noticed Snorg
  9170 | D:10     | Killed Snorg
  9170 | D:10     | Acquired Okawaru's second power
  9462 | D:11     | Noticed kinazarov's ghost (powerful VSMo)
  9503 | D:11     | Noticed a hill giant
  9511 | D:11     | Noticed a hill giant
  9649 | D:12     | Noticed Sonja
  9678 | D:12     | Killed Sonja
  9910 | D:12     | Received a gift from Okawaru
 10044 | D:11     | Killed kinazarov's ghost
 10100 | D:11     | Noticed a hill giant
 10123 | D:11     | HP: 1/60 [hill giant/giant spiked club (15)]
 10127 | D:11     | Killed a hill giant
 10145 | D:11     | Noticed a hill giant
 10146 | D:11     | Noticed Nergalle
 10148 | D:11     | Noticed a tengu warrior
 10162 | D:11     | Slain by a hill giant

Vault maps used:
D:1:      eino_arrival_water_cross
D:2:      gammafunk_temple_overflow_wave, serial_bayou, serial_bayou_pond_a,
          serial_bayou_pond_d, serial_bayou_shore_b, serial_bayou_crossing,
          serial_bayou_lake_a, elyvilon_altar_3, uniq_sigmund
D:3:      uniq_terence, uniq_grinder
D:4:      nicolae_overflow_crystal_walls, minmay_temple_entry_crystal_x,
          first_bread, uniq_blork_the_orc, uniq_menkaure, uniq_robin
D:5:      grunt_temple_overflow_gold_and_silver, trog_eyes_of_draining,
          corexii_item_surrounded_by_moat, kennysheep_diamond
D:6:      okawaru_altar_gauntlet_db, led_sif_book
D:7:      grunt_dithmenos_shadows, nicolae_ossuary_entry_giza, uniq_duvessa
D:8:      kennysheep_windowed_goal
D:9:      grunt_temple_overflow_lords_of_destruction,
          grunt_lair_entry_elf_guard_hut
D:10:     uniq_snorg
D:11:     minmay_ornate_pinched, david_orc_3, uniq_nergalle, uniq_urug
D:12:     hangedman_ranch, hangedman_decor_push, kennysheep_generic_room_15,
          uniq_rupert, uniq_sonja
Temple:   minmay_temple_curvy_8
Ossuary:  ossuary_minmay_scorpions

Action                   |  1- 3 |  4- 6 |  7- 9 | 10-12 || total
-------------------------+-------+-------+-------+-------++-------
Melee: Flail             |    83 |   122 |   135 |     5 ||   345
       Club              |       |       |   496 |   736 ||  1232
Invok: Heroism           |       |       |       |     7 ||     7
       Finesse           |       |       |       |     1 ||     1
  Use: Potion            |     2 |     4 |     4 |     3 ||    13
  Eat: Chunk             |       |     2 |    12 |    15 ||    29
       Pizza             |       |     1 |       |       ||     1
       Fruit             |       |       |     2 |       ||     2
